 Dungeon Crawl Stone Soup version 0.30.0-15-g856e2d3f33 (webtiles) character file.

Game seed: 11885984531506456062

425 qw the Chopper (level 6, -4/39 HPs)
             Began as a Gargoyle Fighter on May 20, 2023.
             Killed from afar by an orc wizard (7 damage)
             ... with a magic dart
             ... on level 5 of the Dungeon.
             The game lasted 00:06:39 (3824 turns).

qw the Chopper (Gargoyle Fighter)                   Turns: 3824, Time: 00:06:39

Health: -4/39      AC: 19    Str: 21    XL:     6   Next: 96%
Magic:  6/6        EV:  5    Int:  9    God:
Gold:   211        SH:  4    Dex:  9    Spells: 5/5 levels left

rFire   . . .        Y - +0 war axe
rCold   . . .        c - +0 buckler
rNeg    + . .        k - +1 plate armour
rPois   inf          q - +0 helmet
rElec   +            g - +0 cloak
rCorr   .            (no gloves)
SInv    .            (no boots)
Will    .....        f - amulet of regeneration Stlth
                     (no ring)
HPRegen 1.06/turn    (no ring)
MPRegen 0.10/turn

%: no passive effects
@: no status effects
A: sickness immunity, AC +4, negative energy resistance 1, electricity
resistance, torment resistance 1, petrification resistance
a: no special abilities


You were on level 5 of the Dungeon.
You visited 1 branch of the dungeon, and saw 5 of its levels.

You collected 211 gold pieces.


Innate Abilities, Weirdness & Mutations

You are immune to sickness and miasma.
Your stone body is resilient. (AC +4)
You are immune to poison.
You resist negative energy. (rN+)
You are resistant to electric shocks. (rElec)
You are resistant to unholy torment.
You are immune to petrification.


   Skills:
 - Level 4.4 Fighting
 + Level 5.8 Axes
 - Level 1.5 Throwing
 - Level 3.2 Armour
 - Level 3.2 Shields


You had 5 spell levels left.
You didn't know any spells.
Your spell library was empty.

Inventory:

Hand Weapons
 h - a +0 flail
 Y - a +0 war axe (weapon)
Missiles
 i - a silver boomerang (quivered)
Armour
 c - a +0 buckler (worn)
 g - a +0 cloak (worn)
 k - a +1 plate armour (worn)
 q - a +0 helmet (worn)
Jewellery
 f - an amulet of regeneration (around neck)
Scrolls
 j - a scroll of identify
 m - 2 scrolls of brand weapon {unknown}
Potions
 a - a potion of mutation {unknown}
 b - a potion of flight {unknown}
 d - a potion of might
 e - a potion of lignification
 l - a potion of attraction {unknown}
 n - a potion of curing {unknown}
 o - a potion of berserk rage {unknown}
 p - a potion of heal wounds {unknown}
 r - a potion of resistance {unknown}

Dungeon Overview and Level Annotations

Branches:
Dungeon (5/15)
 Temple: D:4-7

Altars:
Fedhas
Hepliaklqana
Nemelex Xobeh
Ru
Xom
Yredelemnul


Message History

The puff of flame misses you. Something hits you but does no damage.
You barely miss the orc wizard.
The orc wizard is almost dead.
You hit something but do no damage. The gnoll barely misses you.
The gnoll hits you but does no damage. Something hits you but does no damage.
The orc wizard casts a spell at you.
You are confused.
The gnoll hits you from afar with a +0 halberd of venom!
The gnoll barely misses you.
The orc wizard hits you but does no damage.
Something hits you but does no damage.
The gnoll hits you from afar with a +0 halberd of venom.
The gnoll hits you but does no damage.
You hear some strange, mumbled words.
A puff of flame appears from out of thin air!
The puff of flame hits you but does no damage.
The orc wizard completely misses you. The gnoll barely misses you.
The gnoll hits you from afar with a +0 spear.
The orc wizard hits you but does no damage.
Something hits you but does no damage.
The gnoll is no longer moving quickly.
The gnoll barely misses you. x2
Something hits you but does no damage. The orc wizard barely misses you.
The gnoll is no longer moving quickly.
The gnoll hits you but does no damage. x2
You hear some strange, mumbled words.
A magic dart appears from out of thin air!
The magic dart hits you.
The orc wizard hits you but does no damage.
The gnoll hits you from afar with a +0 halberd of venom.
The gnoll closely misses you. Something hits you but does no damage.
The orc wizard hits you but does no damage.
You feel less confused. The gnoll hits you but does no damage.
The gnoll barely misses you.
The gnoll bouda barks out a call to the hunt!
The gnolls pick up the pace!
Something hits you.
The orc wizard gestures at you while chanting.
The magic dart hits you!
You die...

###.#####......#
#....##.#.....## ..
###.##.....#...##
...
#.##..<..###..##...
###.......# ..#....
#......###gg... .
##......#.ggg.....
......))).{o# o..
##>........@###....
#....#....).......
..####)...........
.. #.........#...
......?.....# #.
.#..........#
................
.....#.#........
.#..#.#.#.......


You could see a gnoll bouda, an orc wizard and 4 gnolls.

Vanquished Creatures
  A scorpion (D:4)
  A jelly (D:5)
  2 orc priests (D:5)
  A hound (D:4)
  3 orc wizards
  Robin (D:4)
  2 adders (D:4)
  A shadow imp (D:5)
  An ufetubus (D:5)
  2 worms
  A dart slug (D:1)
  15 orcs
  9 endoplasms
  A giant cockroach (D:1)
  14 goblins
  17 hobgoblins
  10 kobolds
  4 quokkas
  8 ball pythons
  5 bats
  4 frilled lizards
  9 rats
112 creatures vanquished.

Notes
Turn   | Place    | Note
-------+----------+-------------------------------------------
     0 | D:1      | qw the Gargoyle Fighter began the quest for the Orb.
     0 | D:1      | Reached XP level 1. HP: 14/14 MP: 1/1
     0 | D:1      | 0 ||| qw: Version: 0.2-a-97-g6b18286
     0 | D:1      | 0 ||| qw: Game counter: 15
     0 | D:1      | 0 ||| qw: Always use a shield: true
     0 | D:1      | 0 ||| qw: God list: Okawaru
     0 | D:1      | 0 ||| qw: Allow faded altars: false
     0 | D:1      | 0 ||| qw: Do Orc after D:15 true
     0 | D:1      | 0 ||| qw: Do second Lair branch before Depths: true
     0 | D:1      | 0 ||| qw: Lair rune preference: random
     0 | D:1      | 0 ||| qw: Plans: Normal, Zot:1-4, God:TSO, Crypt, Tomb,
                  | Pan, Slime:5, Hells, Abyss, Win
     0 | D:1      | 0 ||| PLANNING D:1-11
    58 | D:1      | Reached skill level 2 in Axes
    87 | D:1      | 87 ||| DROPPING +0 club.
   172 | D:1      | Reached XP level 2. HP: 19/19 MP: 2/2
   354 | D:1      | Reached skill level 3 in Axes
   394 | D:1      | 394 ||| Stepping ~*~*~tactically~*~*~ (stealth).
   399 | D:1      | Reached XP level 3. HP: 23/23 MP: 3/3
   682 | D:1      | 682 ||| UPGRADING to +0 plate armour.
   692 | D:1      | 692 ||| DROPPING +0 scale mail.
   693 | D:1      | 693 ||| UPGRADING to amulet of guardian spirit.
   698 | D:1      | 698 ||| READING 2 scrolls labelled ICAESULUPS.
   699 | D:1      | 699 ||| READING scroll of enchant armour.
   699 | D:1      | 699 ||| ENCHANTING +0 plate armour.
   700 | D:1      | 700 ||| READING 2 scrolls labelled IRACKOOLOJ.
   701 | D:1      | 701 ||| READING scroll labelled NUQAYTUSHI.
   702 | D:1      | 702 ||| DRINKING 2 metallic blue potions.
  1424 | D:2      | 1424 ||| UPGRADING to amulet of regeneration.
  1434 | D:2      | 1434 ||| DROPPING amulet of guardian spirit.
  1435 | D:2      | 1435 ||| READING 2 scrolls labelled QAOLEL ICEXELET.
  1436 | D:2      | 1436 ||| READING scroll labelled HAFOYL IZOA.
  1437 | D:2      | 1437 ||| READING 2 scrolls of identify.
  1437 | D:2      | 1437 ||| IDENTIFYING inky potion
  1438 | D:2      | 1438 ||| DROPPING scroll of fear.
  1439 | D:2      | 1439 ||| DROPPING potion of degeneration.
  1486 | D:3      | 1486 ||| Stepping ~*~*~tactically~*~*~ (hiding).
  1488 | D:3      | 1488 ||| Stepping ~*~*~tactically~*~*~ (hiding).
  1659 | D:3      | Reached XP level 4. HP: 28/28 MP: 4/4
  1848 | D:3      | 1848 ||| Stepping ~*~*~tactically~*~*~ (hiding).
  1857 | D:3      | Reached skill level 4 in Axes
  1882 | D:3      | 1882 ||| Stepping ~*~*~tactically~*~*~ (hiding).
  2380 | D:3      | Found a hazy altar of Hepliaklqana.
  2478 | D:3      | 2478 ||| UPGRADING to +0 cloak.
  2483 | D:3      | 2483 ||| READING scroll labelled BONED JAPH.
  2487 | D:3      | 2487 ||| DRINKING 2 viscous dark potions.
  2488 | D:3      | 2488 ||| DROPPING potion of brilliance.
  2520 | D:4      | 2520 ||| Stepping ~*~*~tactically~*~*~ (stealth).
  2601 | D:4      | Found a sparkling altar of Nemelex Xobeh.
  2615 | D:4      | Noticed Robin
  2628 | D:4      | Reached XP level 5. HP: 26/32 MP: 5/5
  2630 | D:4      | Killed Robin
  2648 | D:4      | Reached skill level 5 in Axes
  2652 | D:4      | 2652 ||| DROPPING +0 whip.
  2838 | D:4      | 2838 ||| Stepping ~*~*~tactically~*~*~ (stealth).
  2840 | D:4      | 2840 ||| Stepping ~*~*~tactically~*~*~ (hiding).
  2843 | D:4      | 2843 ||| Stepping ~*~*~tactically~*~*~ (hiding).
  2878 | D:4      | 2878 ||| Stepping ~*~*~tactically~*~*~ (stealth).
  2884 | D:4      | Reached skill level 1 in Throwing
  2887 | D:4      | 2887 ||| DROPPING +5 whip of flaming.
  3248 | D:4      | Found a white marble altar of Elyvilon.
  3263 | D:4      | Reached XP level 6. HP: 38/38 MP: 6/6
  3270 | D:4      | Found an iron altar of Okawaru.
  3270 | D:4      | Found a shimmering altar of Xom.
  3271 | D:4      | 3271 ||| PLANNING OKAWARU WORSHIP
  3282 | D:4      | 3282 ||| UPGRADING to +0 helmet.
  3287 | D:4      | 3287 ||| READING scroll labelled ABIBBE WYNI.
  3288 | D:4      | 3288 ||| READING scroll labelled USOYGO EZUNT.
  3296 | D:4      | Found a sacrificial altar of Ru.
  3296 | D:4      | Found a blossoming altar of Fedhas.
  3296 | D:4      | Found a basalt altar of Yredelemnul.
  3457 | D:4      | 3457 ||| PLANNING OKAWARU WORSHIP
  3457 | D:4      | 3457 ||| PLANNING D:1-11
  3521 | D:4      | 3521 ||| PLANNING D:1-11
  3721 | D:5      | Entered Level 5 of the Dungeon
  3795 | D:5      | 3795 ||| Stepping ~*~*~tactically~*~*~ (stealth).
  3796 | D:5      | 3796 ||| Stepping ~*~*~tactically~*~*~ (stealth).
  3799 | D:5      | 3799 ||| Stepping ~*~*~tactically~*~*~ (stealth).
  3800 | D:5      | 3800 ||| Stepping ~*~*~tactically~*~*~ (stealth).
  3801 | D:5      | 3801 ||| Stepping ~*~*~tactically~*~*~ (hiding).
  3820 | D:5      | HP: 9/39 [gnoll/+0 spear[a gnoll bouda] (6)]
  3823 | D:5      | HP: 4/39 [gnoll/+0 halberd of venom[a gnoll bouda] (5)]
  3824 | D:5      | Killed from afar by an orc wizard

Levels and vault maps discovered:
D:1:      eino_arrival_tree_alley, layout_basic, minmay_ruptured
D:2:      layout_loops_ring
D:3:      layout_basic, marbit_many_paths, minmay_misc_feat_cross
D:4:      layout_loops_ring, mainiacjoe_overflow_cross_hatched,
          doesnt_xom_only_xom, serial_forest, infiniplex_forest_lined_2,
          infiniplex_forest_end_2, infiniplex_forest_straight_2,
          infiniplex_forest_clump_medium, infiniplex_forest_clump_tiny,
          infiniplex_forest_split, infiniplex_forest_lined_ring,
          infiniplex_forest_lined_room_, uniq_robin
D:5:      layout_cave_pools, kennysheep_mini, minmay_temple_entry_grid,
          serial_column_ruins, column_ruins_square_small,
          column_ruins_hut_pillars, column_ruins_grid_1, column_ruins_grid_1,
          column_ruins_grid_1, column_ruins_open_small, kennysheep_potato

Skill      XL: |  1  2  3  4  5  6 |
---------------+-------------------+-----
Axes           | 2 3 4 5 |  5.8
Throwing       | 1 |  1.5
Fighting       | 4 |  4.4
Armour         | |  3.2
Shields        | |  3.2

Action                     |  1- 3 |  4- 6 || total
---------------------------+-------+-------++-------
  Melee: War axe           |   130 |   204 ||   334
  Throw: Boomerang         |       |    32 ||    32
    Use: Scroll            |     7 |     3 ||    10
         Potion            |     1 |     1 ||     2
 Armour: Scale mail        |    34 |       ||    34
         Plate armour      |    25 |   201 ||   226
  Dodge: Dodged            |    28 |    59 ||    87
  Block: Buckler           |    23 |    36 ||    59

Table legend:
 A = Non-vault XP
 B = Vault XP
 C = Vault XP percentage of total XP
 D = Non-vault monster count
 E = Vault monster count
 F = Vault count percentage of total count
                 A         B        C        D         E       F
            +---------+---------+-------+---------+---------+-------
      Total |     565 |      43 |   7.1 |      97 |      15 |  13.4
            +---------+---------+-------+---------+---------+-------
        D:1 |      55 |       2 |   3.5 |      32 |       1 |   3.0
        D:2 |      18 |       0 |   0.0 |      11 |       0 |   0.0
        D:3 |      68 |       2 |   2.9 |      19 |       1 |   5.0
        D:4 |     228 |      39 |  14.6 |      25 |      13 |  34.2
        D:5 |     196 |       0 |   0.0 |      10 |       0 |   0.0
            +---------+---------+-------+---------+---------+-------
